 Dungeon Crawl Stone Soup version 0.29-a0-334-gb41bcbb86e (webtiles) character file.

Game seed: 1578447044116769719

2742 zishaf the Frost Mage (level 9, -1/56 HPs)
             Began as an Octopode Ice Elementalist on Apr 15, 2022.
             Was a Follower of Hepliaklqana.
             Slain by an ice beast (10 damage)
             ... on level 7 of the Dungeon.
             The game lasted 00:17:04 (8402 turns).

zishaf the Frost Mage (Octopode Ice Elementalist)   Turns: 8402, Time: 00:17:05

Health: -1/56      AC:  1    Str:  7    XL:     9   Next: 68%
Magic:  15/15      EV: 14    Int: 21    God:    Hepliaklqana [*.....]
Gold:   303        SH:  5    Dex: 13    Spells: 9/16 levels left

rFire   . . .      SeeInvis .   a - +3 spear (venom)
rCold   . . .      Faith    .   (no shield)
rNeg    . . .      Spirit   .   (helmet restricted)
rPois   .          Reflect  +   i - amulet of reflection
rElec   .          Harm     .   j - ring of flight
rCorr   .          Rampage  .   w - +4 ring of slaying
Will    .....                   (no ring)
Stlth   +++.......              (no ring)
HPRegen 0.18/turn               (no ring)
MPRegen 0.14/turn               (no ring)
                                (no ring)
                                (no ring)

@: flying
A: reduced essence, almost no armour, amphibious, 8 rings, camouflage 1,
gelatinous body 1, (nimble swimmer 1), tentacles
a: Renounce Religion, Recall Ancestor, Ancestor Identity


You were on level 7 of the Dungeon.
You worshipped Hepliaklqana.
Hepliaklqana was aware of your devotion.
You visited 2 branches of the dungeon, and saw 8 of its levels.
You also visited: Ossuary.

You collected 303 gold pieces.

Inventory:

Hand Weapons
 a - a +3 spear of venom (weapon)
 b - a +2 dagger of electrocution
Jewellery
 f - an amulet of guardian spirit
 i - an amulet of reflection (around mantle)
 j - a ring of flight (left tentacle)
 w - a +4 ring of slaying (right tentacle)
Wands
 t - a wand of flame (31)
 y - a wand of mindburst (22)
Scrolls
 c - a scroll of teleportation
 d - a scroll of identify
 e - 4 scrolls of enchant weapon
 h - 2 scrolls of fog
 k - a scroll of enchant armour
 r - 3 scrolls of holy word
 D - a scroll of amnesia
Potions
 g - a potion of berserk rage
 l - 3 potions of heal wounds
 m - 3 potions of cancellation
 n - a potion of magic
 p - a potion of brilliance
 q - 2 potions of haste
 s - 2 potions of flight
 u - 2 potions of mutation
 v - a potion of invisibility
 x - 5 potions of curing
 z - a potion of ambrosia
 A - 2 potions of lignification
 B - a potion of might {unknown}


   Skills:
 + Level 6.6 Fighting
 + Level 4.0 Dodging
 - Level 3.0 Stealth
 + Level 4.1 Spellcasting
 * Level 10.4 Ice Magic


You had 9 spell levels left.
You knew the following spells:

 Your Spells              Type           Power      Damage    Failure   Level
a - Freeze                Ice            100%       1d11      1%          1
b - Frozen Ramparts       Ice            96%        1d11      1%          3
c - Ozocubu's Armour      Ice            48%        N/A       1%          3

Your spell library contained the following spells:

 Spells                   Type           Power      Damage    Failure   Level
 Ensorcelled Hibernation  Hex/Ice        52%        N/A       1%          2
 Hailstorm                Conj/Ice       26%        3d7       14%         4
 Passwall                 Tmut/Erth      3%         N/A       19%         2
 Swiftness                Air            4%         N/A       34%         3
 Ozocubu's Refrigeration  Ice            24%        4d9       80%         7


Dungeon Overview and Level Annotations

Branches:
Dungeon (7/15)             Temple (1/1) D:5         Ossuary (visited)

Altars:
Ashenzari
Cheibriados
Elyvilon
Fedhas
Gozag
Hepliaklqana
Kikubaaqudgha
Makhleb
Nemelex Xobeh
Okawaru
Qazlal
Ru
Sif Muna
Trog
Uskayaw
Vehumet
Wu Jian
Xom
Yredelemnul
Zin
The Shining One

Annotations:
D:7 dig vault


Innate Abilities, Weirdness & Mutations

Your life essence is reduced to manifest your ancestor. (-10% HP)
You cannot wear most types of armour.
You are amphibious.
You can wear up to eight rings at the same time.
Your skin changes colour to match your surroundings (Stealth+).
Your rubbery body absorbs attacks. (AC +1, EV +1)
((You are camouflaged when in or above water. (Stealth+)))
You have tentacles for arms and can constrict up to eight enemies at once.


Message History

The ice beast hits Publius but does no damage.
Publius hits the ice beast!
The ice beast misses Publius.
Publius hits the ice beast.
The ice beast hits Publius.
The ice beast freezes Publius.
Publius resists.
Publius completely misses the ice beast.
The ice beast hits Publius.
The ice beast freezes Publius.
Publius resists.
Publius closely misses the ice beast.
The ice beast closely misses Publius.
Publius barely misses the ice beast.
The ice beast hits Publius but does no damage.
Publius barely misses the ice beast.
The ice beast hits Publius.
The ice beast freezes Publius.
Publius resists.
Publius is destroyed!
Things that are here:
a +0 whip; a gnoll skeleton Publius emerges from the mists of memory!
Items here: )) [ ÷.
Publius closely misses the ice beast.
The ice beast hits you. The ice beast freezes you.
Publius hits the ice beast.
You puncture the ice beast!
The ice beast is severely wounded.
The ice beast hits you. The ice beast freezes you!
* * * LOW HITPOINT WARNING * * *
Publius barely misses the ice beast.
Aiming: Throw Flame
Press: ? - help, Shift-Dir - straight line, f/p - ice beast
Aim: an ice beast (severely wounded, ally target, 68% to hit)
The puff of flame misses the ice beast.
The ice beast barely misses you.
Publius closely misses the ice beast.
Aiming: Throw Flame
Press: ? - help, Shift-Dir - straight line, f/p - ice beast
Aim: an ice beast (severely wounded, ally target, 68% to hit)
The puff of flame hits the ice beast.
The ice beast is severely wounded.
The ice beast hits you.
* * * LOW HITPOINT WARNING * * *
The ice beast freezes you!
You die...

####..###..# #
##....#...#### #
##............#### #
#....##..........### ##
...######..........# #.
..## #.)........# ### ##.
#.# #.........## ##.### #..
..# #.........# ##....###.#
..##
##.......@######......#..#
...#
##.........YR.)).......#..#
...#
#..###....#####).........#.
##.# #.##5##...#
#..........#.. ###
#.#.55#..## *#..........##.
#.#$∩$#..# #...........###
#.#!.$#.## #...........#*#
# #.##.##.##
#............## ##
#..###...# ##......)....#


You could see the friendly Publius the ancestor and an ice beast (ally target).

Vanquished Creatures
  Pikel (D:7)
  Menkaure (D:4)
  A water moccasin (D:7)
  An ice beast (D:7)
  A sky beast (D:6)
  An orc warrior (D:6)
  A phantom (D:7)
  2 lemures (D:7)
  Blork the orc (D:6)
  A scorpion (D:5)
  2 bullfrogs (D:7)
  A necrophage (D:5)
  4 wights (D:7)
  2 howler monkeys
  3 orc priests
  3 hounds (D:5)
  A jelly (D:4)
  A human zombie (Ossuary)
  Ijyb (D:3)
  A gnoll shaman (D:7)
  Natasha (thrice) (D:3)
  5 orc wizards
  2 mummies (Ossuary)
  6 gnolls
  5 adders
  A white imp (D:7)
  An ufetubus (D:4)
  3 adder zombies (Ossuary)
  2 worms
  6 dart slugs
  23 orcs
  An endoplasm (D:2)
  3 giant cockroaches
  10 goblins
  6 hobgoblins
  6 jackals
  4 quokkas
  4 ball pythons
  4 bats
  6 frilled lizards
  11 hobgoblin zombies (Ossuary)
  3 jackal zombies (Ossuary)
  6 kobolds
  10 kobold zombies (Ossuary)
  6 orc zombies (Ossuary)
  8 rats
  3 rat zombies (Ossuary)
178 creatures vanquished.

Vanquished Creatures (collateral kills)
  A centaur (D:7)
  A phantom (D:5)
  A wight (D:7)
  A hound (D:5)
  An orc wizard (D:6)
  3 iguanas
  A gnoll (D:7)
  3 orcs (D:6)
12 creatures vanquished.

Vanquished Creatures (others)
  3 ancestors
3 creatures vanquished.

Grand Total: 193 creatures vanquished

Notes
Turn   | Place    | Note
-------+----------+-------------------------------------------
     0 | D:1      | zishaf the Octopode Ice Elementalist began the quest for
                  | the Orb.
     0 | D:1      | Reached XP level 1. HP: 11/11 MP: 3/3
   175 | D:1      | Reached XP level 2. HP: 17/17 MP: 3/5
   647 | D:1      | Reached XP level 3. HP: 20/22 MP: 4/6
   651 | D:1      | Learned a level 3 spell: Frozen Ramparts
   655 | D:1      | Learned a level 3 spell: Ozocubu's Armour
  1182 | D:2      | Reached skill level 1 in Fighting
  1540 | D:2      | Found a hide-covered altar of Uskayaw.
  1670 | D:2      | Found a faded altar of an unknown god.
  1682 | D:2      | Reached XP level 4. HP: 26/28 MP: 2/7
  2317 | D:3      | Reached skill level 5 in Ice Magic
  2418 | D:3      | Noticed Ijyb
  2435 | D:3      | Killed Ijyb
  2597 | D:3      | Noticed Natasha
  2602 | D:3      | Killed Natasha
  2603 | D:3      | Reached XP level 5. HP: 24/34 MP: 8/8
  2992 | D:3      | Noticed Natasha
  3000 | D:3      | Killed Natasha
  3359 | D:3      | Noticed Natasha
  3366 | D:3      | Killed Natasha
  3645 | D:4      | Reached skill level 6 in Ice Magic
  3657 | D:4      | Reached XP level 6. HP: 41/41 MP: 9/9
  3841 | D:4      | Noticed Menkaure
  3845 | D:4      | Killed Menkaure
  4007 | D:4      | Reached XP level 7. HP: 41/46 MP: 6/10
  4576 | D:5      | Entered Level 5 of the Dungeon
  4638 | D:5      | Reached skill level 7 in Ice Magic
  4905 | D:5      | Found a staircase to the Ecumenical Temple.
  4914 | Temple   | Entered the Ecumenical Temple
  5082 | Temple   | Became a worshipper of Hepliaklqana the Forgotten
  5258 | D:5      | Identified the +1 cloak of the Leaf {rF++ Dex+2}
  5299 | D:5      | Reached skill level 8 in Ice Magic
  5304 | D:5      | Reached XP level 8. HP: 38/54 MP: 3/11
  5561 | D:5      | Found a radiant altar of Vehumet.
  6209 | D:6      | Found a sand-covered staircase.
  6214 | Ossuary  | Entered an ossuary
  6478 | Ossuary  | Reached * piety under Hepliaklqana
  6483 | Ossuary  | Reached skill level 5 in Fighting
  6571 | D:6      | Reached skill level 9 in Ice Magic
  6597 | D:6      | Noticed Blork the orc
  6603 | D:6      | Killed Blork the orc
  7490 | D:7      | Reached XP level 9. HP: 35/55 MP: 6/13
  8047 | D:7      | Reached skill level 10 in Ice Magic
  8082 | D:7      | Noticed Pikel
  8099 | D:7      | Killed Pikel
  8402 | D:7      | Slain by an ice beast

Illustrated notes

Levels and vault maps discovered:
D:1:      tarquinn_simple_flora_water_b, layout_basic
D:2:      layout_rooms, hellmonk_ecumenical_altar_blasted, basic_altar
D:3:      layout_loops_ring, uniq_ijyb, uniq_natasha
D:4:      cheibrodos_pilgrimage, layout_loops_corners, uniq_menkaure
D:5:      layout_cave_pods, vehumet_altar_wand_db, minmay_temple_entry_mist
D:6:      layout_loops_ring, enter_ossuary_5, chequers_hall_statues_y,
          uniq_blork_the_orc
D:7:      cheibrodos_quashed, layout_cave_pods, amcnicky_mini_pool_medium,
          uniq_pikel
Temple:   regret_index_temple_chain_breaker

Skill      XL: |  1  2  3  4  5  6  7  8  9 |
---------------+----------------------------+-----
Stealth        | 3 |  3.0
Fighting       | 1 2 3 4 5 6 |  6.6
Ice Magic      | 5 6 8 9 10 | 10.4
Spellcasting   | 3 4 |  4.1
Dodging        | 4 |  4.0

Action                   |  1- 3 |  4- 6 |  7- 9 || total
-------------------------+-------+-------+-------++-------
Melee: Dagger            |    25 |     2 |   121 ||   148
       Constrict         |     8 |    15 |    49 ||    72
       Tentacles         |     4 |    10 |    45 ||    59
       Spear             |       |    69 |    77 ||   146
       Punch             |       |     1 |     3 ||     4
 Cast: Freeze            |    32 |     4 |       ||    36
       Frozen Ramparts   |     1 |     1 |    14 ||    16
       Ozocubu's Armour  |       |     1 |     5 ||     6
Evoke: Wand              |       |     5 |     2 ||     7
  Use: Scroll            |       |       |    23 ||    23
 Stab: Sleeping          |     4 |     7 |    15 ||    26
       Distracted        |       |       |     1 ||     1
Armor: Skin              |     7 |     2 |     7 ||    16
Dodge: Dodged            |    28 |    22 |    78 ||   128
Block: Other             |     3 |     6 |    25 ||    34
       Reflection        |       |       |     2 ||     2

Table legend: (Time is in decaauts)
 A = Elapsed time spent in this place.
 B = Non-inter-level travel time spent in this place.
 C = Inter-level travel time spent in this place.
 D = Time resting spent in this place.
 E = Time spent auto-exploring this place.
 F = Levels seen in this place.
 G = Mean time per level.
                   A        B        C        D        E       F      G
               +--------+--------+--------+--------+--------+-----+--------+
         Total |   8424 |   8246 |    178 |   1062 |   5506 |   9 |  936.0 |
       Dungeon |   7937 |   7767 |    170 |   1062 |   5287 |   7 | 1133.9 |
        Temple |    177 |    169 |      8 |      0 |    124 |   1 |  177.0 |
       Ossuary |    309 |    309 |      0 |      0 |     95 |   1 |  309.0 |
               +--------+--------+--------+--------+--------+-----+--------+

Top non-repeatable levels by time:
     D:3: 1655 daAuts
     D:5: 1307 daAuts
     D:1: 1303 daAuts
     D:7: 1299 daAuts
     D:4: 974 daAuts
     D:6: 707 daAuts
     D:2: 688 daAuts
 Ossuary: 309 daAuts
  Temple: 177 daAuts
